 Dungeon Crawl Stone Soup version 0.30.0-3-ga4e48a9924 (webtiles) character file.

Game seed: 13114067883577383171

7178 Gelion the Thaumaturge (level 11, -1/82 HPs)
             Began as a Djinni Conjurer on May 8, 2023.
             Was the Champion of Ru.
             Killed by the air
             ... invoked by Gastronok
              (24 damage)
             ... on level 9 of the Dungeon.
             The game lasted 00:26:45 (8322 turns).

Gelion the Thaumaturge (Djinni Conjurer)            Turns: 8322, Time: 00:26:46

Health: -1/82      AC: 10    Str:  6    XL:     11   Next: 32%
Gold:   513        EV: 18    Int: 24    God:    Ru [******] SH:  0 Dex: 18

rFire   + + .        (no weapon)
rCold   x . .        (no shield)
rNeg    . . .        i - +2 robe {Will+}
rPois   ∞            v - +2 helmet
rElec   .            g - scarf {rC+ rF+}
rCorr   .            h - +2 pair of gloves {infuse}
SInv    +            (boots unavailable)
Will    ++...        y - amulet of Asceticism {Regen+ Stlth+} Stlth
                     q - ring of see invisible
HPRegen 1.13/turn    A - +6 ring of dexterity
MPRegen 0.00/turn

%: infuse magic (-2 HP)
@: marked, flying, slowed, very slow
A: sickness immunity, fire resistance 2, cold vulnerability 1, no stealth,
inability to use devices, hated by all, temperature sensitive, float, innate
caster, HP casting, extra vitality 1
a: Renounce Religion, Draw Out Power, Power Leap, Apocalypse


You were on level 9 of the Dungeon.
You worshipped Ru.
Ru was exalted by your worship.
You visited 1 branch of the dungeon, and saw 9 of its levels.
You also visited: Sewer.

You collected 513 gold pieces.

Inventory:

Missiles
 e - 7 silver boomerangs
 p - 5 throwing nets
Armour
 g - a scarf of resistance (worn)
 h - a +2 pair of gloves of infusion (worn)
 i - a +2 robe of willpower (worn)
 v - a +2 helmet (worn)
Jewellery
 j - a ring of wizardry
 q - a ring of see invisible (left hand)
 y - the amulet of Asceticism (around neck) {Regen+ Stlth+}
   (You found it on level 7 of the Dungeon)

   [amulet of regeneration]

   Regen:     It increases your rate of health regeneration.
   Stlth:     It makes you more stealthy.
 A - a +6 ring of dexterity (right hand)
Scrolls
 o - 4 scrolls of teleportation
 s - 2 scrolls of fog
 t - a scroll of poison
Potions
 a - a potion of mutation {unknown}
 b - 4 potions of haste
 c - 2 potions of berserk rage
 d - 3 potions of cancellation
 f - a potion of heal wounds
 l - a potion of curing
 m - a potion of resistance
 r - a potion of invisibility {unknown}


   Skills:
 + Level 8.3 Fighting
 + Level 9.5 Dodging
 * Level 9.8 Spellcasting


You knew the following spells:

 Your Spells              Type           Power      Damage    Failure   Level
a - Magic Dart            Conj           100%       1d8       1%          1
b - Searing Ray           Conj           100%       2d8       1%          2
c - Dazzling Flash        Conj/Hex       100%       N/A       1%          3
d - Fulminant Prism       Conj/Hex       28%        3d14      1%          4
e - Iskenderun's Mystic   Conj/Tloc      56%        2d12      1%          4
f - Foxfire               Conj/Fire      100%       2x1d9     1%          1
g - Scorch                Fire           100%       2d9       1%          2
h - Wereblood             Tmut           56%        N/A       1%          2
i - Sticky Flame          Conj/Fire      56%        2d7       1%          4
j - Irradiate             Conj/Tmut      28%        3d21      2%          5
Your spell library was empty.

Dungeon Overview and Level Annotations

Branches:
Dungeon (9/15)             Temple (0/1) D:5           Sewer (visited)
   Lair: D:8-11         Orc: D:9-12

Altars:
Ru

Shops:
D:3 (   D:5 :

Annotations:
D:9 Gastronok


Innate Abilities, Weirdness & Mutations

You are immune to sickness and miasma.
You are immune to poison.
Your flesh is very heat resistant. (rF++)
You are vulnerable to cold. (rC-)
You cannot be stealthy.
You cannot study or use magical devices.
You are hated by all.
You are sensitive to extremes of temperature. (rF-, rC-)
You float through the air rather than walking.
You learn spells naturally, not from books.
Your magical power is your life essence.
You have superior vitality. (+4 MHP)


Message History

Casting: Foxfire (safe; 1% risk of failure)
Confirm with . or Enter, or press ? or * to list all spells.
Flames lash Gastronok.
Gastronok is lightly wounded.
Gastronok's fire resistance burns away.
The foxfire hits Gastronok but does no damage.
Gastronok is lightly wounded.
The foxfire hits Gastronok.
Gastronok is burned terribly!
Gastronok is moderately wounded.
Gastronok looks at you while chanting.
You feel yourself slow down.
Casting: Scorch (safe; 1% risk of failure)
Confirm with . or Enter, or press ? or * to list all spells.
Aiming: Sticky Flame (mildly dangerous; 1% risk of failure)
Press: ? - help, Shift-Dir - straight line, f/p - Gastronok
Aim: Gastronok, wearing a +2 hat of see invisible (moderately wounded, covering ground quickly, more vulnerable to fire)
The sticky flame hits Gastronok!
Gastronok is burned terribly!
Gastronok is moderately wounded.
Gastronok is covered in liquid flames!
Gastronok burns!
Gastronok waves his eye-stalks in wide circles.
The air twists around and strikes you!!
* * * LOW HITPOINT WARNING * * *
Gastronok attacks as you move away! Gastronok bites you.
* * * LOW HITPOINT WARNING * * *
Gastronok burns! x2
Gastronok burns!
The bat barely misses you.
Gastronok burns!
Gastronok is no longer more vulnerable to fire.
Gastronok burns!
The bat attacks as you move away! The bat completely misses you.
Gastronok burns!
The bat misses you.
You redirect Gastronok's attack!
The bat misses you.
The river rat sets off the alarm!
The alarm trap emits a blaring wail!
A sentinel's mark forms upon you.
You hear a shout! x6
Gastronok burns! x2; The bat completely misses you.
Gastronok waves his eye-stalks in wide circles.
The air twists around and strikes you!!
You die...

*,,,,*,,,*,,,,,,,,,
*,,,,*,,,*>,,,,,,,,
*,,,,#...*,,,,...,,
*,,,,#...#,,.....,,
*,,,,#...#,,.....,,
*,,,*#...#*#...#***
##+###...###)..####
#....#..........#..
#.@b.#.....w....#..
#..r.#....).....#..
#.w..#..........#..
#}r..#..........#..
#....#.r........#..
#..[.#..........#..
#$........##...##..
#######...##...##..
#.........#...


You could see Gastronok (swift, burning), a river rat (summoned), a bat
(summoned) and a rat (summoned).

Vanquished Creatures
  Harold (D:9)
  3 two-headed ogres
  Maurice (D:8)
  Grinder (Sewer)
  2 trolls
  A hornet (D:8)
  3 yaks (D:8)
  A wraith (D:7)
  2 steam dragons (D:8)
  Menkaure (D:5)
  2 orc warriors
  2 sky beasts (D:8)
  An ice beast (D:6)
  An ogre (D:5)
  A phantom (Sewer)
  2 kobold brigands
  2 bullfrogs
  A gnoll sergeant (D:6)
  6 wights
  2 scorpions
  6 howler monkeys
  6 orc priests
  A gnoll bouda (D:7)
  5 hounds
  A jelly (D:6)
  3 sleepcaps
  Jessica (D:2)
  An iguana (D:3)
  Natasha (thrice) (D:3)
  7 orc wizards
  14 adders
  7 gnolls
  6 shadow imps
  2 white imps
  An ufetubus (D:6)
  2 adder zombies (Sewer)
  3 dart slugs
  31 orcs
  10 ball pythons
  6 bats
  7 endoplasms
  7 giant cockroaches
  5 goblins
  7 hobgoblins
  6 jackals (D:1)
  8 quokkas
  3 frilled lizards
  23 kobolds
  A kobold zombie (Sewer)
  8 rats
227 creatures vanquished.

Vanquished Creatures (others)
  An orc (D:5)
  420 foxfires
  4 toadstools (D:7)
425 creatures vanquished.

Grand Total: 652 creatures vanquished

Notes
Turn   | Place    | Note
-------+----------+-------------------------------------------
     0 | D:1      | Gelion the Djinni Conjurer began the quest for the Orb.
     0 | D:1      | Gelion set off with the following spells memorised: Magic
                  | Dart, Searing Ray, Dazzling Flash, Fulminant Prism,
                  | Iskenderun's Mystic Blast.
     0 | D:1      | Reached XP level 1. HP: 15/15 MP: 0/0
   137 | D:1      | Reached XP level 2. HP: 20/22 MP: 0/0
   145 | D:1      | Found a faded altar of an unknown god.
   189 | D:1      | Prayed at the altar of an unknown god.
   189 | D:1      | Became a worshipper of Ru the Awakened
   201 | D:1      | Gained mutation: You cannot be stealthy. [Ru sacrifice]
   357 | D:1      | Reached skill level 1 in Fighting
   375 | D:1      | Reached XP level 3. HP: 25/27 MP: 0/0
   375 | D:1      | Learned a level 1 spell: Foxfire
   438 | D:1      | You are sucked into a shaft and drop 1 floor!
  1135 | D:2      | Reached XP level 4. HP: 21/32 MP: 0/0
  1454 | D:2      | Reached XP level 5. HP: 33/38 MP: 0/0
  1454 | D:2      | Learned a level 2 spell: Scorch
  1808 | D:2      | Noticed Jessica
  1813 | D:2      | Killed Jessica
  2094 | D:3      | Found Ryelun's Weapon Emporium.
  2095 | D:3      | Noticed a +0 rapier
  2095 | D:3      | Noticed a +0 triple sword
  2447 | D:3      | Gained mutation: You are sensitive to extremes of
                  | temperature. (rF-, rC-) [Ru sacrifice]
  2447 | D:3      | Reached * piety under Ru
  2447 | D:3      | Reached ** piety under Ru
  2447 | D:3      | Reached *** piety under Ru
  2529 | D:3      | Reached XP level 6. HP: 40/45 MP: 0/0
  2596 | D:3      | Noticed Natasha
  2599 | D:3      | Killed Natasha
  2661 | D:3      | Noticed Natasha
  2668 | D:3      | Killed Natasha
  2692 | D:3      | Noticed Natasha
  2697 | D:3      | Killed Natasha
  3089 | D:4      | Reached XP level 7. HP: 46/50 MP: 0/0
  3089 | D:4      | Learned a level 2 spell: Wereblood
  3111 | D:4      | Reached skill level 5 in Spellcasting
  3347 | D:4      | Found a glowing drain.
  3358 | Sewer    | Entered a sewer
  3686 | Sewer    | Noticed Grinder
  3689 | Sewer    | Reached XP level 8. HP: 57/58 MP: 0/0
  3705 | Sewer    | Killed Grinder
  3706 | Sewer    | Reached skill level 5 in Dodging
  4207 | D:5      | Entered Level 5 of the Dungeon
  4208 | D:5      | Found a staircase to the Ecumenical Temple.
  4242 | D:5      | Found Ohyigil's Self-Improvement Boutique.
  4252 | D:5      | Noticed Menkaure
  4307 | D:5      | Killed Menkaure
  4644 | D:5      | Gained mutation: You are hated by all. [Ru sacrifice]
  4644 | D:5      | Reached **** piety under Ru
  4657 | D:5      | Reached XP level 9. HP: 59/64 MP: 0/0
  4657 | D:5      | Learned a level 4 spell: Sticky Flame
  4686 | D:5      | Reached skill level 5 in Fighting
  6330 | D:7      | Identified the amulet of Asceticism {Regen+ Stlth+}
  6673 | D:7      | Gained mutation: You cannot study or use magical devices.
                  | [Ru sacrifice]
  6673 | D:7      | Reached ***** piety under Ru
  6673 | D:7      | Reached ****** piety under Ru
  6863 | D:7      | Noticed a two-headed ogre
  6869 | D:7      | Killed a two-headed ogre
  6870 | D:7      | Reached XP level 10. HP: 71/73 MP: 0/0
  7137 | D:7      | Identified the +2 flail of Casanah {flame, rN+}
  7351 | D:8      | Noticed a two-headed ogre
  7358 | D:8      | Killed a two-headed ogre
  7841 | D:8      | Noticed Maurice
  7846 | D:8      | Killed Maurice
  7847 | D:8      | Reached XP level 11. HP: 72/80 MP: 0/0
  7847 | D:8      | Learned a level 5 spell: Irradiate
  8088 | D:9      | Noticed Harold
  8102 | D:9      | Killed Harold
  8236 | D:9      | Noticed a two-headed ogre
  8244 | D:9      | Killed a two-headed ogre
  8282 | D:9      | Noticed Gastronok
  8322 | D:9      | Killed from afar by Gastronok

Illustrated notes

Levels and vault maps discovered:
D:1:      psy_arrival_fountain, layout_loops_ring,
          dreamdust_ecumenical_altar_statues, dk_noncrumbling_3
D:2:      layout_basic, minivault_23, nicolae_half_adder, uniq_jessica
D:3:      layout_loops_ring, serial_shops, nicolae_shop_mannequins, uniq_natasha
D:4:      layout_cave_pools, fiery_altar_vehumet, gup_sewer_entry_pipe
D:5:      layout_rooms, minmay_temple_entry_purple_smoke,
          serial_co_window_serial, co_window_paths_a, co_window_paths_a,
          co_window_of_opportunity_a, co_window_cross_1, co_window_corner_a,
          co_window_corner_cb, co_window_cross_3, co_window_corner_cb,
          co_window_paths_c, co_window_corner_b, nicolae_shop_self_help,
          uniq_menkaure
D:6:      layout_basic
D:7:      layout_gridville, minmay_gold_behind_fungi
D:8:      layout_loops_ring, chequers_decorated_corner, uniq_maurice
D:9:      layout_gridville, minmay_misc_feat_iff, uniq_gastronok, uniq_harold

Skill      XL: |  1  2  3  4  5  6  7  8  9 10 11 |
---------------+----------------------------------+-----
Stealth        | 0 |  0.0
Fighting       | 1 2 3 4 6 7 8 |  8.3
Dodging        | 3 4 6 7 8 9 |  9.5
Spellcasting   | 4 5 6 8 9 |  9.8

Action                     |  1- 3 |  4- 6 |  7- 9 | 10-12 || total
---------------------------+-------+-------+-------+-------++-------
  Melee: Unarmed           |       |       |     3 |     1 ||     4
   Cast: Magic Dart        |    66 |    93 |    47 |    37 ||   243
         Foxfire           |     4 |     4 |   184 |    51 ||   243
         Searing Ray       |       |    13 |    30 |    20 ||    63
         Scorch            |       |       |     3 |    18 ||    21
         Sticky Flame      |       |       |       |     5 ||     5
 Invoke: Sacrifice Stealth |     1 |       |       |       ||     1
         Sacrifice Resista |       |     1 |       |       ||     1
         Sacrifice Love    |       |       |     1 |       ||     1
         Sacrifice Artific |       |       |     1 |       ||     1
    Use: Scroll            |       |     8 |    11 |     4 ||    23
 Armour: Robe              |       |     3 |    10 |    21 ||    34
  Dodge: Dodged            |    12 |    19 |    38 |    60 ||   129
